 Dungeon Crawl Stone Soup version 0.22-a0-136-g83a10e5 (webtiles) character file.

134 Borgoz the Skirmisher (level 5, -3/46 HPs)
             Began as a Ghoul Abyssal Knight on Feb 4, 2018.
             Was a Believer of Lugonu.
             Slain by a worker ant (5 damage)
             ... on level 4 of the Dungeon.
             The game lasted 00:03:47 (2418 turns).

Borgoz the Skirmisher (Ghoul Abyssal Knight)        Turns: 2418, Time: 00:03:48

Health: -3/46      AC:  3    Str: 16    XL:     5   Next: 17%
Magic:  5/5        EV: 12    Int:  7    God:    Lugonu [**....]
Gold:   95         SH:  0    Dex:  9    Spells: 4/4 levels left

rFire    . . .     SeeInvis .     - Unarmed
rCold    + . .     Gourm    .   (no shield)
rNeg     + + +     Faith    .   a - +0 leather armour
rPois    ∞         Spirit   .   (no helmet)
rElec    .         Reflect  .   (no cloak)
rCorr    .         Harm     .   (no gloves)
MR       .....                  (no boots)
Stlth    +.........             (no amulet)
HPRegen  0.00/turn              (no ring)
MPRegen  0.09/turn              (no ring)

@: rotting
A: rotting body, claws 1, carnivore, cold resistance 1, negative energy
resistance 3, inhibited regeneration, torment resistance, unbreathing
a: Depart the Abyss, Bend Space, Renounce Religion


You were on level 4 of the Dungeon.
You worshipped Lugonu.
Lugonu was pleased with you.
You were not hungry.

You visited 1 branch of the dungeon, and saw 4 of its levels.
You visited the Abyss 1 time.

You collected 95 gold pieces.

Inventory:

Armour
 a - a +0 leather armour (worn)
Jewellery
 j - an uncursed ring of protection from fire {unknown}
Scrolls
 c - 3 scrolls of remove curse {unknown}
 d - a scroll of immolation {unknown}
 e - 2 scrolls of identify {unknown}
 g - a scroll of amnesia {unknown}
 h - a scroll of enchant armour {unknown}
 i - a scroll of teleportation {unknown}
 k - a scroll of fog {unknown}
 m - a scroll of fear {unknown}
Comestibles
 b - 6 rations
 l - a chunk of flesh


   Skills:
 + Level 4.1 Fighting
 + Level 2.4 Armour
 + Level 2.1 Dodging
 + Level 0.8 Stealth
 + Level 3.6 Unarmed Combat
 + Level 2.2 Invocations


You had 4 spell levels left.
You didn't know any spells.

Dungeon Overview and Level Annotations

Branches:
Dungeon (4/15)
 Temple: D:4-7

Altars:


Innate Abilities, Weirdness & Mutations

Your body is rotting away.
You thrive on raw meat.
You are immune to poison.
You have sharp fingernails.
You are carnivorous and can eat meat at any time.
Your flesh is cold resistant. (rC+)
You are immune to negative energy. (rN+++)
You do not regenerate when monsters are visible.
You are immune to unholy pain and torment.
You can survive without breathing.


Message History

The orc hits you but does no damage.
The worker ant bites you but does no damage.
You scratch the orc.
The orc is lightly wounded.
The bat hits you but does no damage. The orc closely misses you.
The worker ant barely misses you.
You barely miss the orc.
The orc is lightly wounded.
The bat misses you. The bat hits you but does no damage.
The orc completely misses you.
The worker ant bites you but does no damage.
You closely miss the orc.
The orc is lightly wounded.
The bat closely misses you. The worker ant closely misses you.
The orc hits you with a hand axe.
* * * LOW HITPOINT WARNING * * *
You barely miss the orc. Your claw misses the orc.
The orc is lightly wounded.
The bat closely misses you. The worker ant bites you.
You die...

### #@#
.....haobS..#
#######h###.#
#.. ###


You could see a worker ant, an adder, an orc, 2 jackals and a bat.

Vanquished Creatures
  6 adders
  A gnoll (D:1)
  A worm (D:2)
  2 dart slugs
  A leopard gecko (D:2)
  9 bats
  3 giant cockroaches
  9 goblins
  7 hobgoblins
  4 jackals (D:2)
  7 kobolds
  A ball python (D:1)
  4 frilled lizards
  6 rats
61 creatures vanquished.

Notes
Turn   | Place    | Note
-------+----------+-------------------------------------------
     0 | Abyss:1  | Borgoz the Ghoul Abyssal Knight began the quest for the Orb.
     0 | Abyss:1  | Reached XP level 1. HP: 19/19 MP: 1/1
   127 | Abyss:1  | Noticed a large abomination
   130 | Abyss:1  | Noticed a large abomination
   132 | D:1      | Escaped the Abyss
   135 | D:1      | Noticed a felid
   137 | D:1      | Noticed an octopode
   139 | D:1      | Noticed a dwarf
   139 | D:1      | Noticed a centaur
   141 | D:1      | Noticed a minotaur
   141 | D:1      | Noticed a gargoyle
   143 | D:1      | Noticed a merfolk
   143 | D:1      | Noticed a spriggan
   145 | D:1      | Noticed a naga
   145 | D:1      | Noticed a halfling
   147 | D:1      | Noticed a formicid
   147 | D:1      | Noticed a ghoul
   151 | D:1      | Noticed a human
   151 | D:1      | Noticed a demonspawn
   153 | D:1      | Noticed an ogre
   153 | D:1      | Noticed a vine stalker
   155 | D:1      | Noticed a draconian
   155 | D:1      | Noticed a tengu
   159 | D:1      | Noticed a demigod
   161 | D:1      | Noticed an elf
   161 | D:1      | Noticed a troll
   163 | D:1      | Noticed a vampire
   219 | D:1      | Reached skill level 1 in Dodging
   224 | D:1      | Reached XP level 2. HP: 22/25 MP: 2/2
   288 | D:1      | You fall through a shaft!
   401 | D:1      | Reached * piety under Lugonu
   423 | D:1      | Reached XP level 3. HP: 14/33 MP: 3/3
   938 | D:1      | Reached skill level 4 in Fighting
  1273 | D:2      | Reached XP level 4. HP: 7/34 MP: 4/4
  1987 | D:2      | Reached ** piety under Lugonu
  2303 | D:2      | Reached XP level 5. HP: 42/46 MP: 5/5
  2417 | D:4      | HP: 2/46 [orc/hand axe (6)]
  2418 | D:4      | Slain by a worker ant

Vault maps used:
D:1:      kb_arrival_jail
D:2:      first_ration, minmay_surrounded
Abyss:1:  gammafunk_corrupted_shrine

Skill      XL: |  1  2  3  4 |
---------------+-------------+-----
Dodging        | 1 2 |  2.1
Armour         | 2 |  2.4
Fighting       | 4 |  4.1
Unarmed Combat | 3 |  3.6
Stealth        | |  0.8
Invocations    | |  2.2

Action                   |  1- 3 |  4- 6 || total
-------------------------+-------+-------++-------
Melee: Unarmed           |   109 |   107 ||   216
       Punch             |       |     1 ||     1
Invok: Depart the Abyss  |     1 |       ||     1
  Use: Potion            |       |     1 ||     1
  Eat: Chunk             |     6 |     8 ||    14
Armor: Leather armour    |    30 |    45 ||    75
Dodge: Dodged            |    54 |    75 ||   129

Table legend:
 A = Spawn XP
 B = Non-spawn XP
 C = Spawn XP percentage of total XP
 D = Spawn monster count
 E = Non-spawn monster count
 F = Spawn count percentage of total count
 G = Total turns spent on level
                    A         B        C        D         E        F      G
               +---------+---------+-------+---------+---------+-------+---------
         Total |       0 |     192 |   0.0 |       0 |      61 |   0.0 |  2418
               +---------+---------+-------+---------+---------+-------+---------
           D:1 |       0 |      51 |   0.0 |       0 |      21 |   0.0 |   795
           D:2 |       0 |     121 |   0.0 |       0 |      34 |   0.0 |  1413
           D:3 |       0 |      20 |   0.0 |       0 |       6 |   0.0 |    72
               +---------+---------+-------+---------+---------+-------+---------
